 Dungeon Crawl Stone Soup version 0.32-a0-7-ge934b4519a (webtiles) character file.

Game seed: 9443254545580919635

33 Ambrosia the Scratcher (level 3, 18/18 HPs) *EXPLORE*
             Began as a Felid Shapeshifter on Jan 13, 2024.
             Quit the game on level 1 of the Dungeon.
             The game lasted 00:03:23 (1091 turns).

Ambrosia the Scratcher (Felid Shapeshifter)         Turns: 1091, Time: 00:03:23

Health: 18/18      AC:  1    Str: 10    XL:     3   Next: 12%
Magic:  4/4        EV: 18    Int: 19    God:
Gold:   34         SH:  0    Dex: 17    Spells: 2/2 levels left
                                        Lives:  1   Deaths: 0

rFire   . .          .
                       - Unarmed
rCold   . . .        (shield unavailable)
rNeg    . . .        (body armour unavailable)
rPois   .            (helmet unavailable)
rElec   .            (cloak unavailable)
rCorr   .            (gloves unavailable)
SInv    +            (boots unavailable)
Will    .....        (no amulet)
Stlth   ++           d - +6 ring of intelligence
HPRegen 0.23/turn    (no ring)
MPRegen 0.09/turn

%: no passive effects
@: no status effects
A: very small, claws 1, fangs 3, see invisible, shaggy fur 1, stealthy paws, no
weapons or thrown items, no armour, multi-lived
a: no special abilities


You were on level 1 of the Dungeon.
You visited 1 branch of the dungeon, and saw 1 of its levels.

You collected 34 gold pieces.

Inventory:

Jewellery
 d - a +6 ring of intelligence (left paw)
Talismans
 b - a beast talisman
 c - a flux talisman
Scrolls
 f - a scroll of identify
Potions
 a - a potion of lignification
 e - a potion of attraction


   Skills:
 * Level 1.8 Fighting
 + Level 3.0 Dodging
 + Level 1.4 Stealth
 * Level 3.3 Unarmed Combat
 + Level 2.8 Shapeshifting


You had 2 spell levels left.
You didn't know any spells.
Your spell library was empty.

Dungeon Overview and Level Annotations

Branches:
Dungeon (1/15) Zot: 4913

Altars:


Innate Abilities, Weirdness & Mutations

You have sharp claws.
You have razor-sharp teeth.
You have supernaturally acute eyesight. (SInv)
You are covered in fur. (AC +1)
Your paws help you pounce on unaware monsters.
You are incapable of wielding weapons or throwing items.
You cannot wear armour.
You gain extra lives every three experience levels.


Message History

No target in view!
Key pressed, stopping explore.
No target in view!
Key pressed, stopping explore.
No target in view!
Key pressed, stopping explore.
No target in view!
Key pressed, stopping explore.
No target in view!
Key pressed, stopping explore.
No target in view!
Key pressed, stopping explore.
No target in view!
Done exploring.
No target in view!
Done exploring.
No target in view!
Done exploring.
No target in view!
Done exploring.
No target in view!
Done exploring.
You are a hulking beast.
Your movement speed is average.
Your attack delay is about 0.9.
Your damage rating with unarmed combat is about 9 (Base [5 + 3 (UC)] x 100% (Str) x 103% (Fight) + 1 (Slay)).
Your base attributes are Str 10, Int 13, Dex 17.
You are a level 3 Felid Shapeshifter.
You are 12% of the way to level 4.
You'll get an extra life in 0.88 levels' worth of XP.
Play time: 00:02:00 (1086 turns).
Zot will find you in 4918 turns if you stay in this branch and explore no new floors.
Unknown command.
No target in view!
Done exploring.
No target in view!
Done exploring.
No target in view!
Done exploring.
You begin untransforming.
You continue untransforming. x3
Your transformation has ended.
Are you sure you want to abandon this character and quit the game? (Confirm with "yes".)

..#####
#[......#
......#
#.......#
......#
#.......##
......#
#........#
......#
#........#
......#
###..)##.#
..#####
#...##.# .##
#...##.# ######
#.....@#
.....###
###.####
.......# #.#
.....#.# #.#
..#.##.######.#
..#...........#
..####.########
..####.#
.......#


There were no monsters in sight!

Vanquished Creatures
  A dart slug (D:1)
  2 endoplasms (D:1)
  A giant cockroach (D:1)
  3 hobgoblins (D:1)
  A jackal (D:1)
  3 kobolds (D:1)
  A quokka (D:1)
  2 ball pythons (D:1)
  5 bats (D:1)
  A frilled lizard (D:1)
  5 goblins (D:1)
  3 rats (D:1)
28 creatures vanquished.

Notes
Turn   | Place    | Note
-------+----------+-------------------------------------------
     0 | D:1      | Ambrosia the Felid Shapeshifter began the quest for the
                  | Orb.
     0 | D:1      | Reached XP level 1. HP: 10/10 MP: 2/2
   246 | D:1      | Entered explore mode.
   531 | D:1      | Reached XP level 2. HP: 14/14 MP: 3/3
   563 | D:1      | Reached skill level 1 in Stealth
   882 | D:1      | Reached XP level 3. HP: 18/18 MP: 4/4
  1091 | D:1      | Quit the game

Illustrated notes

Levels and vault maps discovered:
D:1:      ncdulo_watergridlock, layout_loops_cross, dk_noncrumbling_3,
          serial_park_tiny_1, minivault_26

Skill      XL: |  1  2 |
---------------+-------+-----
Stealth        | 1 |  1.4
Dodging        | 3 |  3.0
Fighting       | |  1.8
Unarmed Combat | |  3.3
Shapeshifting  | |  2.8

Action                     || total
---------------------------++-------
  Melee: Unarmed           ||    72
         Bite              ||     3
         Punch             ||     1
    Use: Scroll            ||     3
 Armour: Skin              ||    25
  Dodge: Dodged            ||    70
   Form: Beast             ||     1
                           ||     1

Table legend: (Time is in decaauts)
 A = Elapsed time spent in this place.
 B = Non-inter-level travel time spent in this place.
 C = Inter-level travel time spent in this place.
 D = Time resting spent in this place.
 E = Time spent auto-exploring this place.
 F = Levels seen in this place.
 G = Mean time per level.
                   A        B        C        D        E       F      G
               +--------+--------+--------+--------+--------+-----+--------+
         Total |   1086 |   1086 |      0 |    300 |    614 |   1 | 1086.0 |
       Dungeon |   1086 |   1086 |      0 |    300 |    614 |   1 | 1086.0 |
               +--------+--------+--------+--------+--------+-----+--------+

Top non-repeatable levels by time:
     D:1: 1086 daAuts
